 Dungeon Crawl Stone Soup version 0.28.0-56-g4927b6849a (webtiles) character file.

Game seed: 13453427370823060193

146 Atelerd the Digger (level 5, -2/32 HPs)
             Began as an Octopode Earth Elementalist on Jan 28, 2023.
             Was an Initiate of Sif Muna.
             Slain by a hornet zombie (12 damage)
             ... on level 4 of the Dungeon.
             The game lasted 00:04:24 (2926 turns).

Atelerd the Digger (Octopode Earth Elementalist)    Turns: 2926, Time: 00:04:25

Health: -2/32      AC:  1    Str:  8    XL:     5   Next: 28%
Magic:  0/9        EV: 13    Int: 19    God:    Sif Muna [......]
Gold:   113        SH:  0    Dex: 12    Spells: 3/10 levels left

rFire   . . .      SeeInvis .   k - +0 dagger (venom)
rCold   . . .      Faith    .   (no shield)
rNeg    . . .      Spirit   .   (helmet restricted)
rPois   .          Reflect  .   (no amulet)
rElec   .          Harm     .   (no ring)
rCorr   .          Rampage  .   (no ring)
Will    .....                   (no ring)
Stlth   +++.......              (no ring)
HPRegen 0.10/turn               (no ring)
MPRegen 0.11/turn               (no ring)
                                (no ring)
                                (no ring)

@: no status effects
A: almost no armour, amphibious, 8 rings, camouflage 1, gelatinous body 1,
(nimble swimmer 1), tentacles, sense surroundings 1
a: Renounce Religion


You were on level 4 of the Dungeon.
You worshipped Sif Muna.
Sif Muna was noncommittal.
You visited 1 branch of the dungeon, and saw 3 of its levels.

You collected 113 gold pieces.

Inventory:

Hand Weapons
 c - a +0 dagger
 e - a +0 long sword
 k - a +0 dagger of venom (weapon)
Missiles
 b - 87 stones
Armour
 g - an orb of light
Jewellery
 o - an amulet of guardian spirit
Scrolls
 f - a scroll of vulnerability
 i - a scroll of fog {unknown}
 j - 2 scrolls of enchant weapon {unknown}
 l - a scroll of blinking {unknown}
 m - a scroll of teleportation {unknown}
 p - a scroll of summoning {unknown}
Potions
 a - 2 potions of mutation
 d - a potion of attraction {unknown}
 h - a potion of degeneration {unknown}
 n - a potion of haste {unknown}


   Skills:
 - Level 0.3 Fighting
 - Level 2.0 Dodging
 - Level 3.0 Stealth
 - Level 0.2 Unarmed Combat
 + Level 3.0 Spellcasting
 * Level 2.8 Transmutations
 + Level 4.1 Earth Magic


You had 3 spell levels left.
You knew the following spells:

 Your Spells              Type           Power      Damage    Failure   Level
a - Sandblast             Erth           36%        2d10      2%          1
p - Petrify               Tmut/Erth      16%        N/A       36%         4
w - Passwall              Tmut/Erth      13%        N/A       5%          2

Your spell library contained the following spells:

 Spells                   Type           Power      Damage    Failure   Level
 Stone Arrow              Conj/Erth      20%        3d8       21%         3
 Lehudib's Crystal Spear  Conj/Erth      5%         10d3      100%        8
 Animate Armour           Summ/Erth      Unusable   N/A       N/A         4

Dungeon Overview and Level Annotations

Branches:
Dungeon (2/15)

Altars:
Sif Muna


Innate Abilities, Weirdness & Mutations

You cannot wear most types of armour.
You are amphibious.
You can wear up to eight rings at the same time.
Your skin changes colour to match your surroundings (Stealth+).
Your rubbery body absorbs attacks. (AC +1, EV +1)
((You are camouflaged when in or above water. (Stealth+)))
You have tentacles for arms and can constrict up to eight enemies at once.
You passively map a small area around you.


Message History

The hornet zombie completely misses you.
The goblin misses you.
Casting: Sandblast (safe; 2% risk of failure)
Confirm with . or Enter, or press ? or * to list all spells.
Aiming: Sandblast (safe; 2% risk of failure)
Press: ? - help, Shift-Dir - straight line, f/p - hornet zombie
Aim: a hornet zombie (moderately damaged, constricted by you, 95% to hit)
The blast of sand hits the hornet zombie.
The hornet zombie is moderately damaged.
You constrict the hornet zombie, but do no damage.
The hornet zombie hits you! The goblin barely misses you.
The hornet zombie misses you.
Casting: Sandblast (safe; 2% risk of failure)
Confirm with . or Enter, or press ? or * to list all spells.
Aiming: Sandblast (safe; 2% risk of failure)
Press: ? - help, Shift-Dir - straight line, f/p - hornet zombie
Aim: a hornet zombie (moderately damaged, constricted by you, 95% to hit)
The blast of sand hits the hornet zombie.
The hornet zombie is heavily damaged.
You constrict the hornet zombie. The goblin barely misses you.
The hornet zombie barely misses you.
Casting: Sandblast (safe; 2% risk of failure)
Confirm with . or Enter, or press ? or * to list all spells.
Aiming: Sandblast (safe; 2% risk of failure)
Press: ? - help, Shift-Dir - straight line, f/p - hornet zombie
Aim: a hornet zombie (heavily damaged, constricted by you, 95% to hit)
The blast of sand hits the hornet zombie!
The hornet zombie is severely damaged.
You constrict the hornet zombie. The hornet zombie hits you.
The goblin hits you with a +0 club.
Okay, then.
It was a potion of mutation.
You feel extremely strange.
You feel a strange attunement to the structure of the dungeons.
You constrict the hornet zombie. The hornet zombie closely misses you.
The goblin closely misses you. The hornet zombie barely misses you.
You barely miss the hornet zombie.
The hornet zombie is severely damaged.
You constrict the hornet zombie. The goblin hits you with a +0 club.
The hornet zombie hits you!
You die...

.......†.#####
#...#
.........#
...#
........##
**.[. , *
#.......# ,
###.....## * ,
###....#
###..#
##.#####
#..@Z.# ** ,
*#.##g......
#... ....##.
#... .....# ,
.##.......<#
*.K* ........#
* #.#
#......## *..
.$...# , * *
** ,


You could see a hornet zombie and a goblin.

Vanquished Creatures
  A bullfrog zombie (D:4)
  A jelly (D:4)
  A killer bee zombie (D:4)
  2 worms
  2 dart slugs
  8 ball pythons
  An endoplasm (D:4)
  3 giant cockroaches
  6 goblins (D:1)
  3 hobgoblins
  6 jackals
  A quokka (D:1)
  6 bats
  3 frilled lizards
  3 kobolds
  2 rats (D:1)
49 creatures vanquished.

Notes
Turn   | Place    | Note
-------+----------+-------------------------------------------
     0 | D:1      | Atelerd the Octopode Earth Elementalist began the quest for
                  | the Orb.
     0 | D:1      | Reached XP level 1. HP: 11/11 MP: 3/3
   288 | D:1      | Reached XP level 2. HP: 14/17 MP: 3/5
   340 | D:1      | Found a faded altar of an unknown god.
  1197 | D:1      | Reached XP level 3. HP: 19/21 MP: 6/6
  2215 | D:2      | Identified the +0 helmet of Shielding {Int+9 Dex-2}
  2251 | D:2      | Learned a level 2 spell: Passwall
  2322 | D:2      | Found a shimmering blue altar of Sif Muna.
  2357 | D:2      | Became a worshipper of Sif Muna the Loreminder
  2550 | D:2      | You fall into a shaft and drop 2 floors!
  2591 | D:4      | Reached XP level 4. HP: 16/27 MP: 3/8
  2738 | D:4      | Reached skill level 4 in Earth Magic
  2843 | D:4      | Noticed an ogre
  2856 | D:4      | Reached XP level 5. HP: 32/32 MP: 6/9
  2861 | D:4      | Learned a level 4 spell: Petrify
  2925 | D:4      | Gained mutation: You passively map a small area around you.
                  | [potion of mutation]
  2926 | D:4      | Slain by a hornet zombie

Illustrated notes

Levels and vault maps discovered:
D:1:      lightli_arrival_farm, layout_basic, nicolae_ecumenical_snake_handling,
          interstate_on_off
D:2:      layout_basic, basic_altar, due_unseen_surprise
D:4:      layout_cave_pods, mainiacjoe_overflow_24_doors,
          minmay_misc_feat_square, uniq_pikel

Skill      XL: |  1  2  3  4 |
---------------+-------------+-----
Stealth        | 3 |  3.0
Transmutations | 2 |  2.8
Earth Magic    | 4 |  4.1
Spellcasting   | 3 |  3.0
Fighting       | |  0.3
Dodging        | |  2.0
Unarmed Combat | |  0.2

Action                   |  1- 3 |  4- 6 || total
-------------------------+-------+-------++-------
Melee: Unarmed           |    15 |       ||    15
       Constrict         |    24 |     1 ||    25
       Tentacles         |    10 |       ||    10
       Punch             |     4 |       ||     4
       Long sword        |    13 |       ||    13
       Dagger            |    29 |     5 ||    34
 Cast: Sandblast         |    26 |    14 ||    40
       Passwall          |     2 |       ||     2
       Petrify           |       |     1 ||     1
  Use: Scroll            |     1 |       ||     1
       Potion            |       |     1 ||     1
 Stab: Sleeping          |     3 |       ||     3
Armor: Skin              |     7 |       ||     7
Dodge: Dodged            |    41 |    14 ||    55
